PL
ATLANTA SMOKE @ RICHARDSON CITY THUNDERCATS
07/27/2029
 
TOP OF THE 1ST
Atlanta Smoke batting - Pitching for Richardson City Thundercats : LHP Armando Gonzáles
Pitching: LHP Armando Gonzáles
Batting: RHB Bartolo Morales 0-0: Ground out 1-3 (Groundball, 13)
Batting: RHB Casey Cavell 0-0: SINGLE (Flyball, 89S)
Batting: LHB Albert Morán 0-0: Ball
1-0: Swinging Strike
1-1: Swinging Strike
1-2: Fly out, F6 (Popup, 4M)
Batting: LHB Yataro Kodo 0-0: Called Strike
Casey Cavell steals 2nd base
0-1: Called Strike
0-2: Ball
1-2: Ball
2-2: Ball
3-2: Base on Balls
Batting: SHB Valentín Guzmán 0-0: Called Strike
0-1: Ball
1-1: Fly out, F7 (Flyball, 7S)
Top of the 1st over - 0 runs, 1 hit, 0 errors, 2 left on base; Atlanta 0 - Richardson City 0
BOTTOM OF THE 1ST
Richardson City Thundercats batting - Pitching for Atlanta Smoke : RHP Calvin Beck
Pitching: RHP Calvin Beck
Batting: SHB Mitch Qualtrough 0-0: Ball
1-0: Ground out 2-3 (Groundball, 2R)
Batting: LHB Eduardo Álvarez 0-0: SINGLE (Line Drive, 56D)
Batting: RHB Bruce Ingilby 0-0: Ball
1-0: Swinging Strike
1-1: Ball
2-1: Swinging Strike
2-2: Grounds into double play, 5-4-3 (Groundball, 56)
Bottom of the 1st over - 0 runs, 1 hit, 0 errors, 0 left on base; Atlanta 0 - Richardson City 0
TOP OF THE 2ND
Atlanta Smoke batting - Pitching for Richardson City Thundercats : LHP Armando Gonzáles
Batting: RHB Gabriel Maldonado 0-0: Foul Ball, location: 2F
0-1: Ball
1-1: Called Strike
1-2: Strikes out looking
Batting: RHB Bobby Butterfield 0-0: Ball
1-0: Fly out, F5 (Line Drive, 56)
Batting: SHB Melito Báez 0-0: Ball
1-0: Ball
2-0: Called Strike
2-1: Ball
3-1: DOUBLE (Line Drive, 7LS)
Batting: LHB Mike Pace 0-0: Ball
1-0: Foul Ball, location: 2F
1-1: Ball
2-1: Foul Ball, location: 2F
2-2: Foul Ball, location: 2F
2-2: Ball
3-2: Reached on error, E4 (Groundball, 4)
Melito Báez to third
Batting: RHB Bartolo Morales 0-0: Foul Ball, location: 2F
0-1: Fly out, F7 (Flyball, 7LM)
Top of the 2nd over - 0 runs, 1 hit, 1 error, 2 left on base; Atlanta 0 - Richardson City 0
BOTTOM OF THE 2ND
Richardson City Thundercats batting - Pitching for Atlanta Smoke : RHP Calvin Beck
Batting: RHB Anselmo Berneu 0-0: Ball
1-0: Ball
2-0: Fly out, F9 (Flyball, 9S)
Batting: RHB Javier Rivera 0-0: Called Strike
0-1: Ground out 6-3 (Groundball, 6)
Batting: LHB Carroll Martin 0-0: Ball
1-0: Foul Ball, location: 2F
1-1: Ball
2-1: Ball
3-1: Called Strike
3-2: TRIPLE (Groundball, 3L)
Batting: LHB Fernando Ramírez 0-0: Foul Ball, location: 2F
0-1: Swinging Strike
0-2: Ball
1-2: Strikes out looking
Bottom of the 2nd over - 0 runs, 1 hit, 0 errors, 1 left on base; Atlanta 0 - Richardson City 0
TOP OF THE 3RD
Atlanta Smoke batting - Pitching for Richardson City Thundercats : LHP Armando Gonzáles
Batting: RHB Casey Cavell 0-0: Ball
1-0: Foul Ball, location: 2F
1-1: Ball
2-1: Swinging Strike
2-2: Ball
3-2: SINGLE (Groundball, 56D)
Batting: LHB Albert Morán 0-0: Swinging Strike
0-1: Foul Ball, location: 2F
0-2: Foul Ball, location: 2F
0-2: Foul Ball, location: 2F
0-2: Ball
1-2: Fielders Choice at 2nd, 5-4 (Groundball, 6)
Batting: LHB Yataro Kodo 0-0: Ball
1-0: Fly out, F9 (Flyball, 9)
Batting: SHB Valentín Guzmán 0-0: Called Strike
0-1: Ball
1-1: Ground out 4-3 (Groundball, 4S)
Top of the 3rd over - 0 runs, 1 hit, 0 errors, 1 left on base; Atlanta 0 - Richardson City 0
BOTTOM OF THE 3RD
Richardson City Thundercats batting - Pitching for Atlanta Smoke : RHP Calvin Beck
Batting: RHB Louis Gibbons 0-0: Ball
1-0: Ball
2-0: Called Strike
2-1: Ground out U3 (Groundball, 34S)
Batting: RHB Pedro Castillo 0-0: Ground out 6-3 (Groundball, 6)
Batting: SHB Mitch Qualtrough 0-0: Called Strike
0-1: Ball
1-1: Ground out 3-1 (Groundball, 34)
Bottom of the 3rd over - 0 runs, 0 hits, 0 errors, 0 left on base; Atlanta 0 - Richardson City 0
TOP OF THE 4TH
Atlanta Smoke batting - Pitching for Richardson City Thundercats : LHP Armando Gonzáles
Batting: RHB Gabriel Maldonado 0-0: Ball
1-0: Swinging Strike
1-1: Foul Ball, location: 2F
1-2: Foul Ball, location: 2F
1-2: Ground out 5-3 (Groundball, 56)
Batting: RHB Bobby Butterfield 0-0: Fly out, F9 (Flyball, 9D)
Batting: SHB Melito Báez 0-0: Ball
1-0: Ball
2-0: Called Strike
2-1: Foul Ball, location: 2F
2-2: Fly out, F9 (Flyball, 9)
Top of the 4th over - 0 runs, 0 hits, 0 errors, 0 left on base; Atlanta 0 - Richardson City 0
BOTTOM OF THE 4TH
Richardson City Thundercats batting - Pitching for Atlanta Smoke : RHP Calvin Beck
Batting: LHB Eduardo Álvarez 0-0: Called Strike
0-1: Ball
1-1: Ball
2-1: Foul Ball, location: 2F
2-2: Strikes out swinging
Batting: RHB Bruce Ingilby 0-0: SINGLE (Groundball, 34D)
Batting: RHB Anselmo Berneu 0-0: Called Strike
0-1: Ball
1-1: Ball
2-1: Grounds into double play, 5-4-3 (Groundball, 56)
Bottom of the 4th over - 0 runs, 1 hit, 0 errors, 0 left on base; Atlanta 0 - Richardson City 0
TOP OF THE 5TH
Atlanta Smoke batting - Pitching for Richardson City Thundercats : LHP Armando Gonzáles
Batting: LHB Mike Pace 0-0: Called Strike
0-1: SINGLE (Line Drive, 8RS)
Batting: RHB Bartolo Morales 0-0: Ball
1-0: Sac Bunt - play at first, batter OUT! 1-4
Mike Pace to second
Batting: RHB Casey Cavell 0-0: Ball
1-0: Ball
2-0: Fly out, F7 (Flyball, 7LSF)
Batting: LHB Albert Morán 0-0: Ball
1-0: Ball
2-0: Called Strike
2-1: Swinging Strike
2-2: Fly out, F4 (Flyball, 34D)
Top of the 5th over - 0 runs, 1 hit, 0 errors, 1 left on base; Atlanta 0 - Richardson City 0
BOTTOM OF THE 5TH
Richardson City Thundercats batting - Pitching for Atlanta Smoke : RHP Calvin Beck
Batting: RHB Javier Rivera 0-0: Ball
1-0: Foul Ball, location: 2F
1-1: Ball
2-1: Swinging Strike
2-2: Strikes out swinging, 2-3 out at first.
Batting: LHB Carroll Martin 0-0: Ball
1-0: Called Strike
1-1: Foul Ball, location: 2F
1-2: Strikes out swinging
Batting: LHB Fernando Ramírez 0-0: Ball
1-0: Foul Ball, location: 2F
1-1: Ground out 6-3 (Groundball, 6M)
Bottom of the 5th over - 0 runs, 0 hits, 0 errors, 0 left on base; Atlanta 0 - Richardson City 0
TOP OF THE 6TH
Atlanta Smoke batting - Pitching for Richardson City Thundercats : LHP Armando Gonzáles
Batting: LHB Yataro Kodo 0-0: Called Strike
0-1: Ball
1-1: Foul Ball, location: 2F
1-2: Ball
2-2: Foul Ball, location: 2F
2-2: Ground out 4-3 (Groundball, 4)
Batting: SHB Valentín Guzmán 0-0: Swinging Strike
0-1: Ball
1-1: Fly out, F8 (Flyball, 8LXD)
Batting: RHB Gabriel Maldonado 0-0: Called Strike
0-1: Ball
1-1: Called Strike
1-2: Fly out, F7 (Flyball, 7S)
Top of the 6th over - 0 runs, 0 hits, 0 errors, 0 left on base; Atlanta 0 - Richardson City 0
BOTTOM OF THE 6TH
Richardson City Thundercats batting - Pitching for Atlanta Smoke : RHP Calvin Beck
Batting: RHB Louis Gibbons 0-0: Called Strike
0-1: Ball
1-1: Ball
2-1: Ground out U3 (Groundball, 34S)
Batting: RHB Pedro Castillo 0-0: Ball
1-0: Ball
2-0: Ball
3-0: Foul Ball, location: 2F
3-1: Foul Ball, location: 2F
3-2: Fly out, F7 (Flyball, 7LM)
Batting: SHB Mitch Qualtrough 0-0: Called Strike
0-1: Ball
1-1: Ball
2-1: TRIPLE (Line Drive, 8LXD)
Batting: LHB Eduardo Álvarez 0-0: Called Strike
0-1: Swinging Strike
0-2: Ball
1-2: Strikes out swinging
Bottom of the 6th over - 0 runs, 1 hit, 0 errors, 1 left on base; Atlanta 0 - Richardson City 0
TOP OF THE 7TH
Atlanta Smoke batting - Pitching for Richardson City Thundercats : LHP Armando Gonzáles
Batting: RHB Bobby Butterfield 0-0: Fly out, F8 (Line Drive, 78D)
Batting: SHB Melito Báez 0-0: Called Strike
0-1: Ground out 1-3 (Groundball, 13S)
Batting: LHB Mike Pace 0-0: Ball
1-0: Ball
2-0: Called Strike
2-1: Called Strike
2-2: Ball
3-2: Ground out 4-3 (Groundball, 4)
Top of the 7th over - 0 runs, 0 hits, 0 errors, 0 left on base; Atlanta 0 - Richardson City 0
BOTTOM OF THE 7TH
Richardson City Thundercats batting - Pitching for Atlanta Smoke : RHP Calvin Beck
Batting: RHB Bruce Ingilby 0-0: Swinging Strike
0-1: Ball
1-1: Fly out, F7 (Flyball, 7LSF)
Batting: RHB Anselmo Berneu 0-0: Called Strike
0-1: Foul Ball, location: 2F
0-2: Hit by Pitch
Batting: RHB Javier Rivera 0-0: Swinging Strike
0-1: Ball
1-1: Called Strike
1-2: Foul Ball, location: 2F
1-2: Fly out, F7 (Flyball, 7D)
Batting: LHB Carroll Martin 0-0: Called Strike
0-1: Foul Ball, location: 2F
0-2: Ball
1-2: SINGLE (Groundball, 4D)
Anselmo Berneu to second
Runner from 2nd tries for 3rd, OUT!
Bottom of the 7th over - 0 runs, 1 hit, 0 errors, 1 left on base; Atlanta 0 - Richardson City 0
TOP OF THE 8TH
Atlanta Smoke batting - Pitching for Richardson City Thundercats : LHP Armando Gonzáles
Batting: RHB Bartolo Morales 0-0: Called Strike
0-1: Ball
1-1: Ground out 5-3 (Groundball, 56)
Pitching: RHP Andrés Martínez
Batting: RHB Casey Cavell 0-0: Foul Ball, location: 2F
0-1: Ball
1-1: Ball
2-1: Ball
3-1: SINGLE (Groundball, 56D)
Batting: LHB Albert Morán 0-0: Ball
1-0: Foul Ball, location: 2F
1-1: Called Strike
1-2: Strikes out swinging
Batting: LHB Yataro Kodo 0-0: Ball
1-0: DOUBLE (Line Drive, 9LD)
Casey Cavell to third
Runner from 3rd tries for Home, SAFE, throw made at trailing runner, SAFE at third!
Batting: SHB Valentín Guzmán 0-0: Ball
1-0: Called Strike
1-1: Ball
2-1: Foul Ball, location: 2F
2-2: Ball
3-2: Strikes out swinging
Top of the 8th over - 1 run, 2 hits, 0 errors, 1 left on base; Atlanta 1 - Richardson City 0
BOTTOM OF THE 8TH
Richardson City Thundercats batting - Pitching for Atlanta Smoke : RHP Calvin Beck
Batting: LHB Fernando Ramírez 0-0: Called Strike
0-1: Ball
1-1: Ball
2-1: Swinging Strike
2-2: Strikes out swinging
Batting: RHB Louis Gibbons 0-0: Called Strike
0-1: Ball
1-1: Ball
2-1: Ball
3-1: Foul Ball, location: 2F
3-2: Fly out, F9 (Flyball, 89M)
Batting: RHB Pedro Castillo 0-0: Ball
1-0: Hit by Pitch
Batting: SHB Mitch Qualtrough 0-0: Ball
1-0: Ball
2-0: Foul Ball, location: 2F
2-1: Ball
3-1: Swinging Strike
3-2: Strikes out swinging
Bottom of the 8th over - 0 runs, 0 hits, 0 errors, 1 left on base; Atlanta 1 - Richardson City 0
TOP OF THE 9TH
Atlanta Smoke batting - Pitching for Richardson City Thundercats : RHP Andrés Martínez
Batting: RHB Gabriel Maldonado 0-0: Ball
1-0: Foul Ball, location: 2F
1-1: Ball
2-1: Ground out 5-3 (Groundball, 56S)
Batting: RHB Bobby Butterfield 0-0: Fly out, F7 (Flyball, 7S)
Batting: SHB Melito Báez 0-0: Fly out, F7 (Line Drive, 7)
Top of the 9th over - 0 runs, 0 hits, 0 errors, 0 left on base; Atlanta 1 - Richardson City 0
BOTTOM OF THE 9TH
Richardson City Thundercats batting - Pitching for Atlanta Smoke : RHP Calvin Beck
Batting: LHB Eduardo Álvarez 0-0: Called Strike
0-1: Ball
1-1: Foul Ball, location: 2F
1-2: Foul Ball, location: 2F
1-2: Ball
2-2: Foul Ball, location: 2F
2-2: Ball
3-2: Foul Ball, location: 2F
3-2: Foul Ball, location: 2F
3-2: Base on Balls
Pitching: RHP Iván García
Batting: RHB Bruce Ingilby 0-0: Swinging Strike
0-1: Foul Ball, location: 2F
0-2: Foul Ball, location: 2F
0-2: Ball
1-2: Foul Ball, location: 2F
1-2: Ball
2-2: Fly out, F6 (Popup, 4MD)
Batting: RHB Anselmo Berneu 0-0: Called Strike
0-1: Called Strike
0-2: Foul Ball, location: 2F
0-2: Strikes out swinging
Batting: RHB Javier Rivera Pickoff Throw to First - Error! E1
Eduardo Álvarez to second
0-0: Called Strike
0-1: Foul Ball, location: 2F
0-2: Strikes out looking
Bottom of the 9th over - 0 runs, 0 hits, 1 error, 1 left on base; Atlanta 1 - Richardson City 0
Tuesday, December 19th, 2017 - OOTP Baseball 18.8 Build 76